| TOP OF THE 1ST |
|
Williamsport Crosscutters batting - Pitching for Batavia Muckdogs : RHP Ryan Weedon
|
|
Pitching: RHP Ryan Weedon
|
|
|
Batting: LHB Chris Moody
|
0-0: Ground out 4-3 (Groundball, 4, EV 102.5 MPH)
|
|
Batting: RHB Xavier Castellanos
|
0-0: Foul Ball, location: 2F 0-1: Swinging Strike 0-2: Ball 1-2: Fly out, F7 (Flyball, 7LS, EV 72.5 MPH)
|
|
Batting: RHB John Manocchio
|
0-0: Ball 1-0: Fly out, F9 (Line Drive, 89M, EV 92.5 MPH)
|
| Top of the 1st over - 0 runs, 0 hits, 0 errors, 0 left on base; Williamsport 0 - Batavia 0 |
| BOTTOM OF THE 1ST |
|
Batavia Muckdogs batting - Pitching for Williamsport Crosscutters : RHP Bobby Mauk
|
|
Pitching: RHP Bobby Mauk
|
|
|
Batting: SHB Justin Corbett
|
0-0: Ground out 3-1 (Groundball, 34, EV 100.6 MPH)
|
|
Batting: LHB Danny Treto
|
0-0: Ball 1-0: Foul Ball, location: 2F 1-1: Called Strike 1-2: Ball 2-2: SINGLE (Groundball, 6S, EV 71.2 MPH) (infield hit)
|
|
Batting: RHB Reomel Somera
|
0-0: Fielders Choice at 2nd, 5-4 (Groundball, 25, EV 85.0 MPH)
|
|
Batting: RHB Justin Dunham
|
0-0: Ball 1-0: Called Strike 1-1: Foul Ball, location: 2F 1-2: Ball Reomel Somera steals 2nd, throwing error, E2 Reomel Somera to third 2-2: Ball 3-2: Fly out, F8 (Flyball, 8RM, EV 91.9 MPH)
|
| Bottom of the 1st over - 0 runs, 1 hit, 1 error, 1 left on base; Williamsport 0 - Batavia 0 |
| TOP OF THE 2ND |
|
Williamsport Crosscutters batting - Pitching for Batavia Muckdogs : RHP Ryan Weedon
|
|
Batting: RHB Shintaro Katsumata
|
0-0: Called Strike 0-1: Called Strike 0-2: Ball 1-2: Ball 2-2: Fly out, F8 (Flyball, 8RXD, EV 102.5 MPH)
|
|
Batting: SHB Nick Chandler
|
0-0: Fly out, F7 (Flyball, 7D, EV 100.6 MPH)
|
|
Batting: RHB Nick Cottrell
|
0-0: Ball 1-0: Ball 2-0: Ball 3-0: Called Strike 3-1: Foul Ball, location: 2F 3-2: Foul Ball, location: 2F 3-2: Base on Balls
|
|
Batting: RHB Gavin Helton
|
0-0: Called Strike 0-1: Foul Ball, location: 2F 0-2: Hit by Pitch Nick Cottrell to second
|
|
Batting: RHB Leon Edwards
|
0-0: Swinging Strike 0-1: Ball 1-1: Foul Ball, location: 2F 1-2: Ball 2-2: Ball 3-2: Foul Ball, location: 2F 3-2: Base on Balls Nick Cottrell to third Gavin Helton to second
|
|
Batting: RHB Bill Williams
|
0-0: Ball 1-0: Swinging Strike 1-1: Ball 2-1: Ball 3-1: Base on Balls Nick Cottrell scores Gavin Helton to third Leon Edwards to second
|
|
Batting: LHB Chris Moody
|
0-0: Ball 1-0: Ball 2-0: Ball 3-0: Base on Balls Gavin Helton scores Leon Edwards to third Bill Williams to second
|
|
Batting: RHB Xavier Castellanos
|
0-0: Ball 1-0: Called Strike 1-1: Foul Ball, location: 2F 1-2: Ball 2-2: Strikes out swinging
|
| Top of the 2nd over - 2 runs, 0 hits, 0 errors, 3 left on base; Williamsport 2 - Batavia 0 |
| BOTTOM OF THE 2ND |
|
Batavia Muckdogs batting - Pitching for Williamsport Crosscutters : RHP Bobby Mauk
|
|
Batting: SHB Greg Rivera
|
0-0: Ball 1-0: Foul Ball, location: 2F 1-1: Foul Ball, location: 2F 1-2: Strikes out looking
|
|
Batting: RHB George Boivin
|
0-0: Called Strike 0-1: Ball 1-1: Ball 2-1: Foul Ball, location: 2F 2-2: Strikes out swinging
|
|
Batting: RHB Andy Kelly
|
0-0: Ball 1-0: Reached on error, E3 (Groundball, 34S, EV 91.2 MPH)
|
|
Batting: RHB Calvin Morin
|
0-0: Ball 1-0: Ball 2-0: Called Strike 2-1: Ball 3-1: Called Strike 3-2: Foul Ball, location: 2F 3-2: Strikes out swinging
|
| Bottom of the 2nd over - 0 runs, 0 hits, 1 error, 1 left on base; Williamsport 2 - Batavia 0 |
| TOP OF THE 3RD |
|
Williamsport Crosscutters batting - Pitching for Batavia Muckdogs : RHP Ryan Weedon
|
|
Batting: RHB John Manocchio
|
0-0: Swinging Strike 0-1: Ball 1-1: Foul Ball, location: 2F 1-2: Ground out 3-1 (Groundball, 34, EV 83.8 MPH)
|
|
Batting: RHB Shintaro Katsumata
|
0-0: Swinging Strike 0-1: Ball 1-1: Swinging Strike 1-2: Ball 2-2: Strikes out swinging
|
|
Batting: SHB Nick Chandler
|
0-0: Swinging Strike 0-1: Swinging Strike 0-2: Ball 1-2: Ball 2-2: Ball 3-2: Strikes out swinging
|
| Top of the 3rd over - 0 runs, 0 hits, 0 errors, 0 left on base; Williamsport 2 - Batavia 0 |
| BOTTOM OF THE 3RD |
|
Batavia Muckdogs batting - Pitching for Williamsport Crosscutters : RHP Bobby Mauk
|
|
Batting: RHB Jeremy Dennis
|
0-0: Called Strike 0-1: Ground out 4-3 (Groundball, 34, EV 104.4 MPH)
|
|
Batting: SHB Justin Corbett
|
0-0: Called Strike 0-1: Ball 1-1: Fly out, F9 (Flyball, 9LD, EV 100.0 MPH)
|
|
Batting: LHB Danny Treto
|
0-0: Foul Ball, location: 2F 0-1: Ball 1-1: Foul Ball, location: 2F 1-2: Foul Ball, location: 2F 1-2: Ball 2-2: Strikes out swinging
|
| Bottom of the 3rd over - 0 runs, 0 hits, 0 errors, 0 left on base; Williamsport 2 - Batavia 0 |
| TOP OF THE 4TH |
|
Williamsport Crosscutters batting - Pitching for Batavia Muckdogs : RHP Ryan Weedon
|
|
Batting: RHB Nick Cottrell
|
0-0: Ball 1-0: Swinging Strike 1-1: Ball 2-1: Foul Ball, location: 2F 2-2: Ball 3-2: Base on Balls
|
|
Batting: RHB Gavin Helton
|
0-0: Called Strike 0-1: Called Strike Pickoff Throw to First - Out! 1-3 0-2: Foul Ball, location: 2F 0-2: Ball 1-2: Foul Ball, location: 2F 1-2: Ball 2-2: Ball 3-2: Base on Balls
|
|
Batting: RHB Leon Edwards
|
0-0: Foul Ball, location: 2F 0-1: Ball 1-1: Fly out, F4 (Popup, 13, EV 84.4 MPH)
|
|
Batting: RHB Bill Williams
|
0-0: Ball 1-0: Ball 2-0: Ball Wild Pitch! Gavin Helton to second 3-0: Base on Balls
|
|
Pitching: RHP Alfonso Mier
|
|
|
Batting: LHB Chris Moody
|
0-0: Called Strike 0-1: Ball 1-1: Foul Ball, location: 2F 1-2: Ball 2-2: Ball 3-2: Foul Ball, location: 2F 3-2: Base on Balls Gavin Helton to third Bill Williams to second
|
|
Batting: RHB Xavier Castellanos
|
0-0: Called Strike 0-1: Foul Ball, location: 2F 0-2: Ball 1-2: Strikes out swinging
|
| Top of the 4th over - 0 runs, 0 hits, 0 errors, 3 left on base; Williamsport 2 - Batavia 0 |
| BOTTOM OF THE 4TH |
|
Batavia Muckdogs batting - Pitching for Williamsport Crosscutters : RHP Bobby Mauk
|
|
Batting: RHB Reomel Somera
|
0-0: Ball 1-0: Ball 2-0: SINGLE (Line Drive, 56, EV 103.1 MPH)
|
|
Batting: RHB Justin Dunham
|
0-0: Ball 1-0: Foul Ball, location: 2F 1-1: Ball Reomel Somera steals 2nd base 2-1: Ground out 6-3 (Groundball, 6, EV 95.6 MPH)
|
|
Batting: SHB Greg Rivera
|
0-0: Foul Ball, location: 2F 0-1: SINGLE (Line Drive, 9S, EV 100.0 MPH) Reomel Somera to third
|
|
Batting: RHB George Boivin
|
0-0: Ball 1-0: Ball 2-0: Called Strike 2-1: Fly out, F7 (Flyball, 7D, EV 89.4 MPH) Runner from 3rd tags up, SCORES, no throw by LF
|
|
Batting: RHB Andy Kelly
|
0-0: Called Strike Balk! Greg Rivera to second 0-1: Swinging Strike 0-2: Strikes out swinging
|
| Bottom of the 4th over - 1 run, 2 hits, 0 errors, 1 left on base; Williamsport 2 - Batavia 1 |
| TOP OF THE 5TH |
|
Williamsport Crosscutters batting - Pitching for Batavia Muckdogs : RHP Alfonso Mier
|
|
Batting: RHB John Manocchio
|
0-0: Ball 1-0: Called Strike 1-1: Foul Ball, location: 2F 1-2: Foul Ball, location: 2F 1-2: Foul Ball, location: 2F 1-2: Strikes out swinging
|
|
Batting: RHB Shintaro Katsumata
|
0-0: Ball 1-0: Foul Ball, location: 2F 1-1: Called Strike 1-2: Fly out, F7 (Flyball, 7, EV 95.6 MPH)
|
|
Batting: SHB Nick Chandler
|
0-0: Foul Ball, location: 2F 0-1: Ball 1-1: Ball 2-1: Ball 3-1: Ground out U3 (Groundball, 3, EV 98.1 MPH)
|
| Top of the 5th over - 0 runs, 0 hits, 0 errors, 0 left on base; Williamsport 2 - Batavia 1 |
| BOTTOM OF THE 5TH |
|
Batavia Muckdogs batting - Pitching for Williamsport Crosscutters : RHP Bobby Mauk
|
|
Batting: RHB Calvin Morin
|
0-0: Ball 1-0: Called Strike 1-1: Foul Ball, location: 2F 1-2: Strikes out swinging
|
|
Batting: RHB Jeremy Dennis
|
0-0: Foul Ball, location: 2F 0-1: Foul Ball, location: 2F 0-2: Foul Ball, location: 2F 0-2: Ground out 4-3 (Groundball, 34D, EV 99.4 MPH)
|
|
Batting: SHB Justin Corbett
|
0-0: Ball 1-0: Called Strike 1-1: Ball 2-1: Foul Ball, location: 2F 2-2: Strikes out swinging
|
| Bottom of the 5th over - 0 runs, 0 hits, 0 errors, 0 left on base; Williamsport 2 - Batavia 1 |
| TOP OF THE 6TH |
|
Williamsport Crosscutters batting - Pitching for Batavia Muckdogs : RHP Alfonso Mier
|
|
Batting: RHB Nick Cottrell
|
0-0: Ball 1-0: Called Strike 1-1: Ball 2-1: Foul Ball, location: 2F 2-2: Foul Ball, location: 2F 2-2: Strikes out swinging
|
|
Batting: RHB Gavin Helton
|
0-0: Called Strike 0-1: Ball 1-1: Fly out, F8 (Flyball, 8LS, EV 88.1 MPH)
|
|
Batting: RHB Leon Edwards
|
0-0: Called Strike 0-1: Swinging Strike 0-2: Strikes out looking
|
| Top of the 6th over - 0 runs, 0 hits, 0 errors, 0 left on base; Williamsport 2 - Batavia 1 |
| BOTTOM OF THE 6TH |
|
Batavia Muckdogs batting - Pitching for Williamsport Crosscutters : RHP Bobby Mauk
|
|
Batting: LHB Danny Treto
|
0-0: SINGLE (Groundball, 6D, EV 108.8 MPH)
|
|
Batting: RHB Reomel Somera
|
0-0: Called Strike 0-1: Called Strike 0-2: Ball 1-2: Ball 2-2: SINGLE (Groundball, 56, EV 100.0 MPH) (infield hit) Danny Treto to second
|
|
Batting: RHB Justin Dunham
|
0-0: Ball 1-0: Called Strike 1-1: Foul Ball, location: 2F 1-2: Fly out, F8 (Line Drive, 8LD, EV 97.5 MPH)
|
|
Batting: SHB Greg Rivera
|
0-0: Ball 1-0: Foul Ball, location: 2F 1-1: Foul Ball, location: 2F 1-2: Foul Ball, location: 2F 1-2: Foul Ball, location: 2F 1-2: Foul Ball, location: 2F 1-2: Ground out 4-3 (Groundball, 4MS, EV 67.5 MPH) Danny Treto to third Reomel Somera to second
|
|
Batting: RHB George Boivin
|
0-0: Ball 1-0: Ball 2-0: DOUBLE (Groundball, 5L, EV 93.8 MPH) Danny Treto scores Reomel Somera scores
|
|
Batting: RHB Andy Kelly
|
0-0: Foul Ball, location: 2F 0-1: Ground out 6-3 (Groundball, 6, EV 90.6 MPH)
|
| Bottom of the 6th over - 2 runs, 3 hits, 0 errors, 1 left on base; Williamsport 2 - Batavia 3 |
| TOP OF THE 7TH |
|
Williamsport Crosscutters batting - Pitching for Batavia Muckdogs : RHP Alfonso Mier
|
|
Pitching: RHP Matt Slater
|
|
|
Batting: RHB Bill Williams
|
0-0: Ball 1-0: Called Strike 1-1: Fly out, F8 (Flyball, 8RM, EV 86.9 MPH)
|
|
Batting: LHB Chris Moody
|
0-0: Called Strike 0-1: SOLO HOME RUN (Flyball, 89XD, EV 102.5 MPH), Distance : 387 ft
|
|
Batting: RHB Xavier Castellanos
|
0-0: Ground out 5-3 (Groundball, 5S, EV 82.5 MPH)
|
|
Batting: RHB John Manocchio
|
0-0: Ball 1-0: Foul Ball, location: 2F 1-1: Ball 2-1: Ball 3-1: Called Strike 3-2: SINGLE (Groundball, 56, EV 101.9 MPH)
|
|
Batting: RHB Shintaro Katsumata
|
0-0: Swinging Strike 0-1: Swinging Strike 0-2: Foul Ball, location: 2F 0-2: Ball 1-2: Foul Ball, location: 2F 1-2: Ball 2-2: Fielders Choice at 2nd, 6-4 (Groundball, 6, EV 87.5 MPH)
|
| Top of the 7th over - 1 run, 2 hits, 0 errors, 1 left on base; Williamsport 3 - Batavia 3 |
| BOTTOM OF THE 7TH |
|
Batavia Muckdogs batting - Pitching for Williamsport Crosscutters : RHP Bobby Mauk
|
|
Batting: RHB Calvin Morin
|
0-0: SINGLE (Groundball, 25, EV 66.2 MPH) (infield hit)
|
|
Pitching: RHP David Deon
|
|
|
Batting: RHB Jeremy Dennis
|
0-0: Called Strike Calvin Morin steals 2nd, throwing error, E2 Calvin Morin to third 0-1: Ball 1-1: Ball 2-1: Foul Ball, location: 2F 2-2: Foul Ball, location: 2F 2-2: Strikes out swinging
|
|
Batting: SHB Justin Corbett
|
0-0: Ball Balk! Calvin Morin scores 1-0: Called Strike 1-1: Fly out, F9 (Line Drive, 9S, EV 92.5 MPH)
|
|
Batting: LHB Danny Treto
|
0-0: Called Strike 0-1: Ball 1-1: Foul Ball, location: 2F 1-2: Strikes out swinging
|
| Bottom of the 7th over - 1 run, 1 hit, 1 error, 0 left on base; Williamsport 3 - Batavia 4 |
| TOP OF THE 8TH |
|
Williamsport Crosscutters batting - Pitching for Batavia Muckdogs : RHP Matt Slater
|
|
Batting: SHB Nick Chandler
|
0-0: Ball 1-0: Foul Ball, location: 2F 1-1: Swinging Strike 1-2: Ball 2-2: Foul Ball, location: 2F 2-2: Ball 3-2: Strikes out swinging
|
|
Pinch Hitting: SHB Art Kent
|
0-0: Called Strike 0-1: Foul Ball, location: 2F 0-2: Foul Ball, location: 2F 0-2: Ball 1-2: Hit by Pitch
|
|
Pinch Hitting: LHB Noel Young
|
0-0: Ball 1-0: Ball 2-0: Swinging Strike 2-1: Ground out 4-3 (Groundball, 34, EV 106.2 MPH) Art Kent to second
|
|
Pitching: RHP Glen Patterson
|
|
|
Pinch Hitting: LHB Jorge Zermeno
|
0-0: Ball 1-0: Called Strike 1-1: Fly out, F8 (Line Drive, 89D, EV 85.6 MPH)
|
| Top of the 8th over - 0 runs, 0 hits, 0 errors, 1 left on base; Williamsport 3 - Batavia 4 |
| BOTTOM OF THE 8TH |
|
Batavia Muckdogs batting - Pitching for Williamsport Crosscutters : RHP David Deon
|
|
Now at 2B: Nick Chandler
|
|
|
Now at 3B: Jorge Zermeno
|
|
|
Now at SS: Salvador Avina
|
|
|
Now in LF: Chris Moody
|
|
|
Now in CF: Art Kent
|
|
|
Batting: RHB Reomel Somera
|
0-0: Ball 1-0: Swinging Strike 1-1: Ball 2-1: Called Strike 2-2: Strikes out swinging
|
|
Batting: RHB Justin Dunham
|
0-0: Foul Ball, location: 2F 0-1: Foul Ball, location: 2F 0-2: Ball 1-2: Strikes out swinging
|
|
Batting: SHB Greg Rivera
|
0-0: Ground out U3 (Groundball, 3, EV 87.5 MPH)
|
| Bottom of the 8th over - 0 runs, 0 hits, 0 errors, 0 left on base; Williamsport 3 - Batavia 4 |
| TOP OF THE 9TH |
|
Williamsport Crosscutters batting - Pitching for Batavia Muckdogs : RHP Glen Patterson
|
|
Now in LF: Hiromitsu Yamada
|
|
|
Batting: RHB Bill Williams
|
0-0: Ball 1-0: Ball 2-0: Ball 3-0: Base on Balls
|
|
Batting: LHB Chris Moody
|
0-0: Bunted foul 0-1: Bunt missed! 0-2: Ball 1-2: Strikes out swinging
|
|
Batting: RHB Xavier Castellanos
|
0-0: Ball 1-0: Called Strike 1-1: Called Strike 1-2: Ball 2-2: Reached on error, E5 (Groundball, 56S, EV 86.9 MPH) Bill Williams to second
|
|
Pinch Runner at 2nd Jose Nunez:
|
|
|
Batting: RHB John Manocchio
|
0-0: Foul Ball, location: 2F 0-1: Ball 1-1: Foul Ball, location: 2F 1-2: Ball 2-2: SINGLE (Groundball, 56D, EV 104.4 MPH) Jose Nunez to third Xavier Castellanos to second Runner from 3rd tries for Home, SAFE, throw by LF to home
|
|
Batting: RHB Shintaro Katsumata
|
0-0: Called Strike 0-1: Ball 1-1: Called Strike 1-2: Strikes out swinging
|
|
Batting: SHB Nick Chandler
|
0-0: Called Strike 0-1: Ball 1-1: Foul Ball, location: 2F 1-2: Strikes out swinging
|
| Top of the 9th over - 1 run, 1 hit, 1 error, 2 left on base; Williamsport 4 - Batavia 4 |
| BOTTOM OF THE 9TH |
|
Batavia Muckdogs batting - Pitching for Williamsport Crosscutters : RHP David Deon
|
|
Now at C: Micah McErlean
|
|
|
Batting: RHB Hiromitsu Yamada
|
0-0: Ball 1-0: Foul Ball, location: 2F 1-1: Ball 2-1: Swinging Strike 2-2: Foul Ball, location: 2F 2-2: Ball 3-2: Base on Balls
|
|
Batting: RHB Andy Kelly
|
0-0: Ball 1-0: SINGLE (Groundball, 34D, EV 95.6 MPH) Hiromitsu Yamada to second Runner from 2nd tries for 3rd, OUT! 9-5 Andy Kelly to second
|
|
Pinch Hitting: RHB Jim Fisher
|
0-0: Intentional Walk
|
|
Pinch Hitting: RHB Jason Thrash
|
0-0: Ball 1-0: Ball 2-0: Ball 3-0: Called Strike 3-1: Called Strike 3-2: Strikes out looking
|
|
Batting: SHB Justin Corbett
|
0-0: Ball 1-0: Foul Ball, location: 2F 1-1: Swinging Strike 1-2: Ball 2-2: Foul Ball, location: 2F 2-2: Ball 3-2: Foul Ball, location: 2F 3-2: Foul Ball, location: 2F 3-2: SINGLE (Groundball, 4D, EV 100.6 MPH) Andy Kelly to third Jim Fisher to second Andy Kelly scores Jim Fisher to third
|
| Bottom of the 9th over - 1 run, 2 hits, 0 errors, 2 left on base; Williamsport 4 - Batavia 5 |
|